 Dungeon Crawl Stone Soup version 0.21.1-1-g345015f (webtiles) character file.

482 equalderp2856 the Chopper (level 6, -2/55 HPs)
             Began as a Minotaur Fighter on Apr 23, 2018.
             Slain by an ogre
             ... wielding a +0 giant club
              (20 damage)
             ... on level 4 of the Dungeon.
             The game lasted 00:06:50 (3350 turns).

equalderp2856 the Chopper (Minotaur Fighter)        Turns: 3350, Time: 00:06:50

Health: -2/55      AC:  7    Str: 21    XL:     6   Next: 87%
Magic:  5/5        EV:  8    Int:  6    God:
Gold:   226        SH: 10    Dex: 10    Spells: 5/5 levels left

rFire    . . .     SeeInvis .   a - +0 war axe
rCold    . . .     Gourm    .   c - +0 shield
rNeg     . . .     Faith    .   b - +0 scale mail
rPois    .         Spirit   .   (helmet restricted)
rElec    .         Reflect  .   (no cloak)
rCorr    .         Harm     .   (no gloves)
MR       .....                  (no boots)
Stlth    ..........             (no amulet)
HPRegen  0.18/turn              (no ring)
MPRegen  0.09/turn              (no ring)

@: no status effects
A: retaliatory headbutt, horns 2
a: no special abilities


You were on level 4 of the Dungeon.
You were not hungry.

You visited 1 branch of the dungeon, and saw 4 of its levels.

You collected 226 gold pieces.

Inventory:

Hand Weapons
 a - a +0 war axe (weapon)
 m - a +1 hunting sling of freezing
Armour
 b - a +0 scale mail (worn)
 c - a +0 shield (worn)
 l - a +0 cloak
 n - a +0 pair of boots
Wands
 o - a wand of polymorph (12)
 r - a wand of paralysis (13)
Scrolls
 e - 2 scrolls of remove curse {unknown}
 g - 3 scrolls of enchant armour {unknown}
 j - a scroll of random uselessness {unknown}
 k - a scroll of identify {unknown}
Potions
 d - a potion of might
 h - a potion of invisibility {unknown}
 i - 2 potions of haste {unknown}
 q - a potion of flight {unknown}
 t - a potion of curing {unknown}
 u - a potion of heal wounds {unknown}
Books
 p - Jessica's Handbook of Dark Arts
   (You found it on level 3 of the Dungeon)

   Spells                             Type                      Level
   a - Animate Skeleton               Necromancy                   1
   b - Pain                           Necromancy                   1
Comestibles
 f - 7 rations


   Skills:
 + Level 4.8 Fighting
 + Level 5.9 Axes
 + Level 5.2 Armour
 + Level 1.7 Dodging
 + Level 0.3 Stealth
 + Level 5.1 Shields


You had 5 spell levels left.
You didn't know any spells.

Dungeon Overview and Level Annotations

Branches:
Dungeon (4/15)
 Temple: D:4-7

Altars:


Innate Abilities, Weirdness & Mutations

You reflexively headbutt those who attack you in melee.
You have a pair of horns on your head.


Message History

You hit the ogre.
The ogre is heavily wounded.
The ogre hits you with a giant club!
Your shield prevents you from hitting the ogre.
Your headbutt misses the ogre.
The ogre is heavily wounded.
You block the ogre's attack.
You hit the ogre.
You headbutt the ogre, but do no damage.
The ogre is severely wounded.
The ogre closely misses you.
You hit the ogre but do no damage.
The ogre is severely wounded.
The ogre hits you with a giant club!!
Evoke which item? (* to show all) (? for menu, Esc to quit)
Aiming: Paralyse
Press: ? - help, Shift-Dir - straight line, f/p - ogre
Aim: an ogre, wielding a giant club (severely wounded, chance to defeat MR: 46%)
The ogre resists with some effort.
The ogre hits you with a giant club!!
You die...

#..............#.........
###'##.........'.........
#...'.........#......>..
#...#.........#######.##
#...#...............#+##
#<..######'###......#...
#...##.......#......#...
#...##.......#......#...
#...<'.@.....#......##.#
#....#.O.....#.........#
#....#.......#.........#
#...##.......#..........
#...##.......####'##..†.
######...........(.#)...
..............#....
#............. #####
#............


You could see an ogre.

Vanquished Creatures
  A wyvern (D:4)
  An orc priest (D:4)
  Jessica (D:3)
  2 iguanas (D:4)
  3 worker ants (D:4)
  A hound skeleton (D:4)
  5 adders
  2 oozes
  2 worms (D:2)
  2 dart slugs
  2 leopard geckos
  2 orcs (D:4)
  3 ball pythons
  6 giant cockroaches
  5 hobgoblins
  11 jackals
  5 quokkas
  6 bats
  2 frilled lizards
  8 goblins
  8 kobolds
  A leopard gecko skeleton (D:4)
  2 rats
81 creatures vanquished.

Notes
Turn   | Place    | Note
-------+----------+-------------------------------------------
     0 | D:1      | equalderp2856 the Minotaur Fighter began the quest for the Orb.
     0 | D:1      | Reached XP level 1. HP: 19/19 MP: 0/0
    82 | D:1      | Reached XP level 2. HP: 27/27 MP: 1/1
   814 | D:2      | Reached XP level 3. HP: 33/33 MP: 2/2
  1394 | D:3      | Reached XP level 4. HP: 40/40 MP: 3/3
  1585 | D:3      | Found a faded altar of an unknown god.
  1603 | D:3      | Noticed Jessica
  1606 | D:3      | Killed Jessica
  1609 | D:3      | Identified Jessica's Handbook of Dark Arts
  1951 | D:3      | Reached skill level 1 in Dodging
  2347 | D:4      | Reached XP level 5. HP: 44/46 MP: 4/4
  2474 | D:4      | Noticed an ogre
  2881 | D:4      | Reached skill level 5 in Axes
  3009 | D:4      | Reached XP level 6. HP: 49/53 MP: 5/5
  3103 | D:4      | Noticed a wyvern
  3115 | D:4      | Killed a wyvern
  3115 | D:4      | Reached skill level 5 in Armour
  3115 | D:4      | Reached skill level 5 in Shields
  3350 | D:4      | Slain by an ogre

Skill      XL: |  1  2  3  4  5  6 |
---------------+-------------------+-----
Armour         | 4 5 |  5.2
Fighting       | 4 |  4.8
Shields        | 4 5 |  5.1
Axes           | 3 4 5 |  5.9
Dodging        | 1 |  1.7
Stealth        | |  0.3

Action                   |  1- 3 |  4- 6 || total
-------------------------+-------+-------++-------
Melee: War axe           |    86 |   126 ||   212
       Headbutt          |    14 |    17 ||    31
Evoke: Wand              |       |     5 ||     5
 Stab: Paralysed         |       |     2 ||     2
  Eat: Chunk             |     1 |     7 ||     8
Armor: Scale mail        |    37 |    77 ||   114
Dodge: Dodged            |    28 |    54 ||    82
Block: Shield            |    61 |    93 ||   154
